AoeStats
← uli2099

Nomad

509871383Analyzed
4v4 RM · 5d ago on Sep 28, 2026· 30m 3s· 8 players
Game mode
Random Map
Map size
231×231
Population
200
Speed
Normal
Resources
Standard
Victory
Conquest
Starting age
Dark Age
Ending age
Imperial Age
RankedLock teamsTeams togetherTeam positionsShared explorationLock speedFull tech treeHidden civsTurbo modeCheats
Victory
Defeat
🇯🇵 Koreans · Japan
1304
+14
🇦🇷 Romans · Argentina
1259
+16
🇻🇳 Tatars · Vietnam
1248
+16
🇨🇳 Goths · China
1245
+17
🇩🇪 Persians · Germany
1280
-16
🇹🇷 Wu · Türkiye
1271
-16
🇬🇧 Varangians · United Kingdom
1255
-16
🇰🇬 Hindustanis · Kyrgyzstan
1232
-15
QNa_NguaHoang
3:52 Loom
14:25 Feudal Age
15:46 Double-Bit Axe
15:55 Gold Mining
22:14 Castle Age
22:09 Stone Mining
23:15 Wheelbarrow
23:16 Medium Warships
23:33 Bow Saw
28:38 Horse Collar
29:29 Heavy Plow
kojimo
7:35 Loom
14:26 Feudal Age
15:39 Double-Bit Axe
22:08 Castle Age
20:48 Fletching
22:58 Town Watch
24:54 Wheelbarrow
会做梦的懒猪
4:31 Loom
15:50 Feudal Age
17:45 Wheelbarrow
17:32 Fishing Lines
19:55 Castle Age
18:29 Double-Bit Axe
22:14 Hand Cart
22:13 Bow Saw
23:43 Gillnets
28:13 Forging
28:03 Scale Mail Armor
29:30 Iron Casting
Nightmare
4:34 Loom
14:18 Feudal Age
16:16 Fletching
16:37 Town Watch
17:53 Fishing Lines
17:59 Double-Bit Axe
19:34 Stone Mining
20:38 Wheelbarrow
24:16 Castle Age
25:35 Bow Saw
27:10 Horse Collar
28:06 Gillnets
Kiki da 1.75Handed
5:03 Loom
14:39 Feudal Age
19:39 Castle Age
18:23 Forging
20:59 Fletching
21:29 Double-Bit Axe
22:12 Medium Warships
23:38 Scale Mail Armor
23:54 Fishing Lines
25:02 Bow Saw
25:48 Town Watch
26:43 Bodkin Arrow
28:59 Wheelbarrow
Frosty
11:14 Loom
13:35 Feudal Age
14:02 Town Watch
14:05 Double-Bit Axe
17:07 Fletching
20:09 Wheelbarrow
23:33 Castle Age
uli2099
4:25 Loom
12:44 Feudal Age
13:17 Double-Bit Axe
18:34 Castle Age
18:50 Fishing Lines
19:22 Medium Warships
19:39 Bow Saw
21:55 Fletching
26:14 Wheelbarrow
French Connection
5:08 Loom
13:51 Feudal Age
19:07 Castle Age
17:35 Double-Bit Axe
18:20 Stone Mining
20:40 Wheelbarrow
21:48 Fletching
Connection lost

Rejoining the realm…

Still unreachable

The connection could not be restored.

Session expired

The server has moved on; the page needs a fresh start.